 Dungeon Crawl Stone Soup version 0.22.1-6-g1668fe2c40 (webtiles) character file.

14220 Riddle the Cleaver (level 11, -3/90 HPs)
             Began as a Mummy Gladiator on Jan 17, 2019.
             Was an Initiate of Gozag.
             Slain by a red ugly thing (33 damage)
             ... on level 11 of the Dungeon on Jan 18, 2019.
             The game lasted 00:39:01 (48749 turns).

Riddle the Cleaver (Mummy Gladiator)               Turns: 48749, Time: 00:39:09

Health: -3/90      AC: 16    Str: 21    XL:     11   Next: 85%
Magic:  11/11      EV:  7    Int:  7    God:    Gozag
Gold:   1680       SH:  0    Dex: 14    Spells: 10/10 levels left

rFire    x . .     SeeInvis +   a - +4 executioner's axe (chop)
rCold    + . .     Gourm    .   (shield currently unavailable)
rNeg     + + +     Faith    .   m - +0 plate armour
rPois    ∞         Spirit   .   c - +0 helmet
rElec    .         Reflect  .   v - scarf {repulsion}
rCorr    .         Harm     .   l - +1 pair of gloves
MR       +....                  (no boots)
Stlth    ..........             i - amulet of magic regeneration
HPRegen  0.25/turn              k - +2 ring of slaying
MPRegen  0.37/turn              o - ring of see invisible

@: gold aura, repel missiles
A: no food or potions, fire vulnerability, cold resistance 1, negative energy
resistance 3, torment resistance, unbreathing
a: Potion Petition, Call Merchant, Bribe Branch, Renounce Religion


You were on level 11 of the Dungeon.
You worshipped Gozag.
Gozag was most pleased with you.
You were not hungry.

You visited 3 branches of the dungeon, and saw 15 of its levels.

You collected 2311 gold pieces.
You paid 631 gold pieces to Gozag.

Inventory:

Hand Weapons
 a - a +4 executioner's axe of chopping (weapon)
 b - a +0 war axe of flaming
Missiles
 d - 2 throwing nets (quivered)
Armour
 c - a +0 helmet (worn)
 l - a +1 pair of gloves (worn)
 m - a +0 plate armour (worn)
 s - the +1 chain mail of Xomireol {MR+ SInv}
   (You found it on level 4 of the Dungeon)

   It affects your resistance to hostile enchantments.
   It lets you see invisible.
 v - a scarf of repulsion (worn)
Jewellery
 i - an amulet of magic regeneration (around neck)
 k - a +2 ring of slaying (left hand)
 o - a ring of see invisible (right hand)
 q - a +2 ring of evasion
 t - an uncursed ring of magical power
Wands
 p - a wand of flame (3)
Scrolls
 e - 7 scrolls of teleportation
 f - a scroll of random uselessness
 g - a scroll of blinking
 h - 5 scrolls of remove curse
 j - a scroll of fog
 n - 4 scrolls of amnesia
 u - 22 scrolls of identify
 w - a scroll of enchant armour
 x - a scroll of enchant weapon


   Skills:
 - Level 10.0 Fighting
 * Level 12.7 Axes
 - Level 1.5 Throwing
 + Level 5.7 Armour
 - Level 2.4 Dodging


You had 10 spell levels left.
You didn't know any spells.
Your spell library contained the following spells:

 Spells                   Type           Power        Failure   Level  Hunger
 Summon Small Mammal      Summ           #...         100%        1    N/A
 Recall                   Summ/Tloc      N/A          100%        3    N/A
 Alistair's Intoxication  Tmut/Pois      #.......     100%        5    N/A
 Summon Mana Viper        Hex/Summ       #.......     100%        5    N/A
 Statue Form              Tmut/Erth      Unusable     N/A         6    N/A

Dungeon Overview and Level Annotations

Branches:
Dungeon (11/15)            Temple (1/1) D:6            Lair (3/6) D:8
 Shoals (0/4) Lair:3          Orc (0/2) D:9
  Snake: Lair:2-4    Spider: Lair:2-4

Altars:
Ashenzari
Cheibriados
Dithmenos
Elyvilon
Fedhas
Gozag
Hepliaklqana
Kikubaaqudgha
Makhleb
Nemelex Xobeh
Okawaru
Qazlal
Ru
Sif Muna
Trog
Uskayaw
Vehumet
Wu Jian
Xom
Yredelemnul
Zin
The Shining One

Shops:
D:4 !}(   D:8 (

Annotations:
D:11 Fannar
Lair:2 2 transporters


Innate Abilities, Weirdness & Mutations

You do not eat or drink.
Your flesh is vulnerable to fire.
You are immune to poison.
Your flesh is cold resistant. (rC+)
You are immune to negative energy. (rN+++)
You are immune to unholy pain and torment.
You can survive without breathing.


Message History

No target in view!
As you read the scroll of magic mapping, it crumbles to dust.
You feel aware of your surroundings.
You sensed 1 altar, and 1 shop/portal.
You hear a distant blaring wail to the south.
A wraith comes into view.
The wraith is distracted by your gold.
A red ugly thing comes into view.
The red ugly thing gurgles horribly!
You slice the wraith!!
You destroy the wraith!
The red ugly thing pecks you.
You are engulfed in flames!!
The fire burns you terribly!
Found 17 gold pieces.
You slice the red ugly thing!!
The red ugly thing is heavily wounded.
The red ugly thing pecks you!
You are engulfed in flames!!
The fire burns you terribly! The red ugly thing pecks you.
You are engulfed in flames!!
The fire burns you terribly!
You die...
Your body crumbles into a pile of gold.

*#.,,*,,,###...........,,*
**,,**,*,,,###.........,,*
,*,,*,,***,,,#.........,,*
,*,,*,**,,,,,#...#####**,*
**,,*,,*,,,*,#...# *,*
,*,,,,,,,***,#...# **,*
*,,,,,,***,*,#...# *,,*
***,,***,,,,,#.$.# *,,*
,,***,,***$*,#..@#*****,,*
,,,,***,,***,#..u.......,****
,,,,,,***,,*,#........$.,,,,*
,,,,,,,,***,,#.....#####**,,****
,,,,,,,,,,***#.....# *,,,,,*
,,,,,,,,,,,,,......# *,,,,,*
,,,,,,,,,,,,.......# *,$,,,*
,,,,,,,,,,,........# *,,,,,*
,,,,,,,,*******'*,,* *,,,,,*


You could see a red ugly thing.

Vanquished Creatures
  A hydra (D:11)
  Harold (D:7)
  Erica (Lair:1)
  4 spiny frogs
  A rime drake (Lair:2)
  A troll (D:10)
  2 hippogriffs
  A wyvern (D:10)
  A human (D:9)
  2 wraiths
  15 yaks
  3 hogs (D:9)
  A basilisk (Lair:2)
  Menkaure (D:6)
  2 water moccasins
  3 porcupines
  Duvessa (D:6)
  An ice beast (D:8)
  A sky beast (D:8)
  6 orc warriors
  A phantom (D:10)
  7 ogres
  10 wolves
  4 centaurs
  6 crocodiles
  Blork the orc (D:6)
  10 bullfrogs
  A wyvern zombie (D:9)
  Dowan (D:6)
  A water moccasin skeleton (D:7)
  5 scorpions
  6 killer bees
  2 howler monkeys
  4 wights (D:8)
  3 electric eels (D:8)
  4 crimson imps
  14 hounds
  A quasit (D:10)
  An iron imp (D:9)
  5 orc priests
  A jelly (D:8)
  11 orc wizards
  A bullfrog skeleton (D:8)
  An iguana (D:5)
  8 worker ants
  A worker ant zombie (D:5)
  4 gnolls (D:5)
  4 adders
  4 shadow imps
  3 adder zombies
  An adder skeleton (D:4)
  3 worms
  A dart slug (D:1)
  10 leopard geckos
  46 orcs
  A giant cockroach (D:4)
  3 goblins
  4 hobgoblins
  4 jackals
  4 quokkas
  8 bats
  7 frilled lizards
  A giant cockroach zombie (D:6)
  11 kobolds
  A quokka skeleton (D:5)
  A rat (D:2)
  A fungus (Lair:2)
  A plant (D:2)
282 creatures vanquished.

Vanquished Creatures (others)
  3 fungi (Lair:2)
  3 plants
6 creatures vanquished.

Grand Total: 288 creatures vanquished

Notes
Turn   | Place    | Note
-------+----------+-------------------------------------------
     0 | D:1      | Riddle the Mummy Gladiator began the quest for the Orb.
     0 | D:1      | Reached XP level 1. HP: 16/16 MP: 1/1
   179 | D:1      | Reached XP level 2. HP: 22/22 MP: 2/2
   308 | D:1      | Reached skill level 3 in Axes
   867 | D:2      | Reached XP level 3. HP: 17/28 MP: 3/3
  1327 | D:2      | Found an iron altar of Okawaru.
  1888 | D:3      | Reached XP level 4. HP: 34/34 MP: 4/4
  2053 | D:4      | Reached skill level 4 in Axes
  2053 | D:4      | Reached XP level 5. HP: 40/41 MP: 5/5
  2063 | D:4      | Found Esosch's Antique Weapon Shop.
  2072 | D:4      | Noticed an ogre
  2077 | D:4      | Noticed an ogre
  2912 | D:5      | Entered Level 5 of the Dungeon
  3123 | D:5      | Reached XP level 6. HP: 43/48 MP: 6/6
  3183 | D:5      | Reached skill level 5 in Axes
  4035 | D:6      | Reached XP level 7. HP: 55/55 MP: 7/7
  4150 | D:6      | Noticed Dowan
  4150 | D:6      | Noticed Duvessa
  4208 | D:6      | Killed Duvessa
  4223 | D:6      | Killed Dowan
  4223 | D:6      | Reached skill level 6 in Axes
  4323 | D:6      | Found a staircase to the Ecumenical Temple.
  4333 | Temple   | Entered the Ecumenical Temple
  4419 | Temple   | Became a worshipper of Gozag Ym Sagoz the Greedy
  4576 | D:6      | Reached skill level 5 in Fighting
  4772 | D:6      | Noticed Menkaure
  4777 | D:6      | Killed Menkaure
  5014 | D:6      | Noticed Blork the orc
  5022 | D:6      | Killed Blork the orc
  5098 | D:6      | Reached skill level 7 in Axes
  5098 | D:6      | Reached XP level 8. HP: 43/64 MP: 8/8
  5981 | D:7      | Noticed Harold
  6454 | D:4      | Found Utsi's Distillery.
  6554 | D:4      | Found Toevvyp's Gadget Boutique.
  6569 | D:4      | Reached skill level 8 in Axes
  6598 | D:4      | Got a translucent chain mail
  6599 | D:4      | Identified the +1 chain mail of Xomireol {MR+ SInv} (You
                  | found it on level 4 of the Dungeon)
  6826 | D:4      | Found Toevvyp's Gadget Boutique.
  6874 | D:4      | Found Esosch's Antique Weapon Shop.
  7011 | D:4      | Found Utsi's Distillery.
  7437 | D:7      | HP: 3/65 [Harold/long sword (15)]
  7445 | D:7      | Killed Harold
  7445 | D:7      | Reached XP level 9. HP: 37/72 MP: 9/9
  7740 | D:7      | Reached skill level 9 in Axes
  8025 | D:8      | Noticed a two-headed ogre
  8935 | D:8      | Noticed a troll
 11728 | D:8      | Reached skill level 10 in Axes
 17577 | D:8      | Reached XP level 10. HP: 82/82 MP: 10/10
 19323 | D:7      | HP: 4/82 [troll (4)]
 20106 | D:8      | Found a staircase to the Lair.
 20124 | D:8      | Reached skill level 1 in Armour
 27526 | D:9      | Found a staircase to the Orcish Mines.
 27653 | D:9      | Found a snail-covered altar of Cheibriados.
 27785 | D:9      | Reached skill level 11 in Axes
 28168 | D:10     | Entered Level 10 of the Dungeon
 28278 | Lair:1   | Entered Level 1 of the Lair of Beasts
 31304 | Lair:2   | Found a transporter.
 31352 | Lair:1   | Noticed Erica
 35111 | Lair:2   | Noticed a spiny frog
 35186 | Lair:2   | Reached XP level 11. HP: 69/90 MP: 11/11
 44373 | Lair:1   | Killed Erica
 44528 | Lair:1   | Reached skill level 10 in Fighting
 45353 | Lair:2   | Noticed a lindwurm
 45353 | Lair:2   | Noticed a lindwurm
 45367 | Lair:2   | Noticed a lindwurm
 45367 | Lair:2   | Noticed a lindwurm
 45490 | Lair:2   | Identified a scroll of acquirement
 45869 | Lair:2   | Reached skill level 12 in Axes
 46172 | Lair:2   | Found a transporter.
 46789 | Lair:3   | Found a staircase to the Shoals.
 47191 | D:10     | Reached skill level 5 in Armour
 47721 | D:10     | Identified Sif Muna's Handbook of Companions and
                  | Transmigration
 48367 | D:11     | Noticed Fannar
 48432 | D:11     | Noticed a five-headed hydra
 48444 | D:11     | Killed a one-headed hydra
 48744 | D:11     | Noticed a red ugly thing
 48749 | D:11     | Slain by a red ugly thing

Skill      XL: |  1  2  3  4  5  6  7  8  9 10 11 |
---------------+----------------------------------+-----
Axes           | 3 4 5 7 8 10 11 12 | 12.7
Fighting       | 3 4 5 7 8 9 10 | 10.0
Armour         | 3 5 |  5.7
Throwing       | |  1.5
Dodging        | |  2.4

Action                   |  1- 3 |  4- 6 |  7- 9 | 10-12 || total
-------------------------+-------+-------+-------+-------++-------
Melee: War axe           |   117 |   137 |   394 |   367 ||  1015
       Executioner's axe |       |       |       |   121 ||   121
Throw: Throwing net      |       |       |     1 |       ||     1
Invok: Potion Petition   |       |       |     1 |       ||     1
       Call Merchant     |       |       |       |     1 ||     1
Evoke: Wand              |       |       |     6 |     5 ||    11
  Use: Scroll            |       |       |     1 |    18 ||    19
 Stab: Invisible         |       |       |     3 |       ||     3
       Distracted        |       |       |       |     1 ||     1
Armor: Leather armour    |     6 |       |       |       ||     6
       Ring mail         |    33 |    45 |       |       ||    78
       Plate armour      |       |     7 |   282 |   328 ||   617
Dodge: Dodged            |    77 |    91 |   136 |   180 ||   484
       Deflected         |       |       |       |     9 ||     9
